PBL
MADISON BREWERS @ OAKLAND OAKS
09/07/2048
 
TOP OF THE 1ST
Madison Brewers batting - Pitching for Oakland Oaks : LHP Artemio Millares
Pitching: LHP Artemio Millares
Batting: LHB Andy Buschlen 0-0: Called Strike
0-1: Ball
1-1: Foul Ball, location: 2F
1-2: Strikes out swinging
Batting: LHB Jose Simental 0-0: Ball
1-0: Foul Ball, location: 2F
1-1: Ball
2-1: Called Strike
2-2: Ball
3-2: Strikes out looking
Batting: LHB Bill Kovac 0-0: Ball
1-0: Called Strike
1-1: Called Strike
1-2: Foul Ball, location: 2F
1-2: Ball
2-2: Strikes out swinging
Top of the 1st over - 0 runs, 0 hits, 0 errors, 0 left on base; Madison 0 - Oakland 0
BOTTOM OF THE 1ST
Oakland Oaks batting - Pitching for Madison Brewers : LHP Gil Sanchez
Pitching: LHP Gil Sanchez
Batting: LHB Justin LeFlore 0-0: Ball
1-0: Foul Ball, location: 2F
1-1: Ball
2-1: Fly out, F9 (Flyball, 89S, EV 80.0 MPH)
Batting: LHB Bryan Hodensack 0-0: Swinging Strike
0-1: Called Strike
0-2: Ball
1-2: Foul Ball, location: 2F
1-2: Strikes out swinging
Batting: SHB Chris King 0-0: Foul Ball, location: 2F
0-1: Fly out, F9 (Line Drive, 9S, EV 97.5 MPH)
Bottom of the 1st over - 0 runs, 0 hits, 0 errors, 0 left on base; Madison 0 - Oakland 0
TOP OF THE 2ND
Madison Brewers batting - Pitching for Oakland Oaks : LHP Artemio Millares
Batting: RHB Jelani Griffin 0-0: Ball
1-0: Foul Ball, location: 2F
1-1: Ball
2-1: Foul Ball, location: 2F
2-2: Ball
3-2: Foul Ball, location: 2F
3-2: Fly out, F7 (Flyball, 7LS, EV 73.8 MPH)
Batting: LHB Tony Hasbun 0-0: Called Strike
0-1: Foul Ball, location: 2F
0-2: Ball
1-2: Strikes out looking
Batting: RHB Mario Lopez 0-0: Called Strike
0-1: Foul Ball, location: 2F
0-2: Ball
1-2: Ball
2-2: Ground out 4-3 (Groundball, 4, EV 89.4 MPH)
Top of the 2nd over - 0 runs, 0 hits, 0 errors, 0 left on base; Madison 0 - Oakland 0
BOTTOM OF THE 2ND
Oakland Oaks batting - Pitching for Madison Brewers : LHP Gil Sanchez
Batting: LHB Ben Landry 0-0: DOUBLE (Line Drive, 7LD, EV 105.0 MPH)
Batting: RHB Moises Guzman 0-0: Ball
1-0: Ball
2-0: Ball
3-0: Called Strike
3-1: Base on Balls
Batting: RHB Mario Medina 0-0: Ball
1-0: Swinging Strike
1-1: Ball
2-1: Ball
3-1: Base on Balls
Ben Landry to third
Moises Guzman to second
Batting: RHB Edwin Nunez 0-0: Ball
1-0: Called Strike
1-1: Grounds into double play, 6-4-3 (Groundball, 6, EV 95.6 MPH)
Ben Landry scores
Moises Guzman to third
Batting: RHB Ricky Ulloa 0-0: SINGLE (Groundball, 34D, EV 101.2 MPH)
Moises Guzman scores
Batting: RHB Matt Nehman 0-0: Ball
1-0: Swinging Strike
1-1: Ball
2-1: Foul Ball, location: 2F
2-2: Strikes out swinging
Bottom of the 2nd over - 2 runs, 2 hits, 0 errors, 1 left on base; Madison 0 - Oakland 2
TOP OF THE 3RD
Madison Brewers batting - Pitching for Oakland Oaks : LHP Artemio Millares
Batting: RHB Ben Follett 0-0: Foul Ball, location: 2F
0-1: Called Strike
0-2: Strikes out swinging
Batting: RHB Malcolm McCauley 0-0: Ball
1-0: Swinging Strike
1-1: SINGLE (Line Drive, 56D, EV 95.6 MPH)
Batting: RHB Gil Sanchez 0-0: Ball
1-0: Called Strike
1-1: SINGLE (Line Drive, 9LS, EV 103.1 MPH)
Malcolm McCauley to second
Batting: LHB Andy Buschlen 0-0: Ball
1-0: Foul Ball, location: 2F
1-1: Foul Ball, location: 2F
1-2: Fielders Choice at 2nd, 4-6 (Groundball, 4, EV 105.0 MPH)
Malcolm McCauley to third
Batting: LHB Jose Simental 0-0: Ball
1-0: Ball
2-0: Called Strike
2-1: Ground out 4-3 (Groundball, 4D, EV 85.0 MPH)
Top of the 3rd over - 0 runs, 2 hits, 0 errors, 2 left on base; Madison 0 - Oakland 2
BOTTOM OF THE 3RD
Oakland Oaks batting - Pitching for Madison Brewers : LHP Gil Sanchez
Batting: LHB Justin LeFlore 0-0: Called Strike
0-1: Ball
1-1: Foul Ball, location: 2F
1-2: DOUBLE (Flyball, 8LXD, EV 106.2 MPH)
Batting: LHB Bryan Hodensack 0-0: Ground out 4-3 (Groundball, 34D, EV 80.0 MPH)
Justin LeFlore to third
Batting: SHB Chris King 0-0: Called Strike
0-1: Fly out, F9 (Flyball, 9LS, EV 94.4 MPH)
Batting: LHB Ben Landry 0-0: Swinging Strike
0-1: Ball
1-1: Foul Ball, location: 2F
1-2: Ball
2-2: SINGLE (Line Drive, 4M, EV 104.4 MPH)
Justin LeFlore scores
Batting: RHB Moises Guzman 0-0: Hit by Pitch
Ben Landry to second
Batting: RHB Mario Medina 0-0: Called Strike
0-1: Called Strike
0-2: SINGLE (Groundball, 6MD, EV 110.0 MPH)
Ben Landry to third
Moises Guzman to second
Batting: RHB Edwin Nunez 0-0: Fly out, F8 (Flyball, 78S, EV 94.4 MPH)
Bottom of the 3rd over - 1 run, 3 hits, 0 errors, 3 left on base; Madison 0 - Oakland 3
TOP OF THE 4TH
Madison Brewers batting - Pitching for Oakland Oaks : LHP Artemio Millares
Batting: LHB Bill Kovac 0-0: Called Strike
0-1: Foul Ball, location: 2F
0-2: Ball
1-2: Strikes out swinging
Batting: RHB Jelani Griffin 0-0: Ball
1-0: Foul Ball, location: 2F
1-1: Ball
2-1: Called Strike
2-2: Ball
3-2: Ground out 4-3 (Groundball, 4, EV 78.1 MPH)
Batting: LHB Tony Hasbun 0-0: Ball
1-0: Ball
2-0: Ball
3-0: Called Strike
3-1: Swinging Strike
3-2: Strikes out looking
Top of the 4th over - 0 runs, 0 hits, 0 errors, 0 left on base; Madison 0 - Oakland 3
BOTTOM OF THE 4TH
Oakland Oaks batting - Pitching for Madison Brewers : LHP Gil Sanchez
Batting: RHB Ricky Ulloa 0-0: Called Strike
0-1: Foul Ball, location: 2F
0-2: SINGLE (Flyball, 89S, EV 96.9 MPH)
Batting: RHB Matt Nehman 0-0: Called Strike
0-1: SINGLE (Groundball, 6MD, EV 93.8 MPH)
Ricky Ulloa to second
Batting: LHB Justin LeFlore 0-0: Ball
1-0: SINGLE (Groundball, 4MD, EV 82.5 MPH) (infield hit)
Ricky Ulloa to third
Matt Nehman to second
Batting: LHB Bryan Hodensack 0-0: Ball
1-0: Called Strike
1-1: Swinging Strike
1-2: Strikes out swinging
Batting: SHB Chris King 0-0: Fly out, F7 (Line Drive, 7S, EV 106.2 MPH)
Batting: LHB Ben Landry 0-0: Ball
1-0: Fly out, F8 (Flyball, 8LD, EV 77.5 MPH)
Bottom of the 4th over - 0 runs, 3 hits, 0 errors, 3 left on base; Madison 0 - Oakland 3
TOP OF THE 5TH
Madison Brewers batting - Pitching for Oakland Oaks : LHP Artemio Millares
Batting: RHB Mario Lopez 0-0: Foul Ball, location: 2F
0-1: Ball
1-1: Foul Ball, location: 2F
1-2: Ball
2-2: Foul Ball, location: 2F
2-2: Fly out, F9 (Flyball, 9S, EV 90.6 MPH)
Batting: RHB Ben Follett 0-0: Ball
1-0: Ball
2-0: Ball
3-0: Called Strike
3-1: Foul Ball, location: 2F
3-2: Strikes out swinging
Batting: RHB Malcolm McCauley 0-0: Hit by Pitch
Batting: RHB Gil Sanchez 0-0: Called Strike
0-1: Called Strike
0-2: Foul Ball, location: 2F
0-2: Strikes out swinging
Top of the 5th over - 0 runs, 0 hits, 0 errors, 1 left on base; Madison 0 - Oakland 3
BOTTOM OF THE 5TH
Oakland Oaks batting - Pitching for Madison Brewers : LHP Gil Sanchez
Batting: RHB Moises Guzman 0-0: Ground out 1-3 (Groundball, 13S, EV 67.5 MPH)
Batting: RHB Mario Medina 0-0: Ball
1-0: SINGLE (Groundball, 56D, EV 105.6 MPH)
Batting: RHB Edwin Nunez 0-0: Ball
1-0: SINGLE (Groundball, 6MD, EV 99.4 MPH)
Mario Medina to second
Batting: RHB Ricky Ulloa 0-0: Fly out, F8 (Flyball, 8LM, EV 94.4 MPH)
Batting: RHB Matt Nehman 0-0: Called Strike
0-1: Ball
1-1: Ball
2-1: Foul Ball, location: 2F
2-2: Strikes out looking
Bottom of the 5th over - 0 runs, 2 hits, 0 errors, 2 left on base; Madison 0 - Oakland 3
TOP OF THE 6TH
Madison Brewers batting - Pitching for Oakland Oaks : LHP Artemio Millares
Batting: LHB Andy Buschlen 0-0: Ball
1-0: Fly out, F8 (Flyball, 78XD, EV 101.2 MPH)
Batting: LHB Jose Simental 0-0: Ball
1-0: Ball
2-0: Ball
3-0: Called Strike
3-1: SINGLE (Groundball, 34D, EV 106.9 MPH)
Batting: LHB Bill Kovac 0-0: Called Strike
Jose Simental is caught stealing 2nd base 2-6
0-1: Called Strike
0-2: Strikes out swinging
Top of the 6th over - 0 runs, 1 hit, 0 errors, 0 left on base; Madison 0 - Oakland 3
BOTTOM OF THE 6TH
Oakland Oaks batting - Pitching for Madison Brewers : LHP Gil Sanchez
Batting: LHB Justin LeFlore 0-0: Ground out 4-3 (Groundball, 4D, EV 94.4 MPH)
Batting: LHB Bryan Hodensack 0-0: Fly out, F8 (Line Drive, 8LM, EV 94.4 MPH)
Batting: SHB Chris King 0-0: Ball
1-0: Ball
2-0: Fly out, F7 (Flyball, 7S, EV 89.4 MPH)
Bottom of the 6th over - 0 runs, 0 hits, 0 errors, 0 left on base; Madison 0 - Oakland 3
TOP OF THE 7TH
Madison Brewers batting - Pitching for Oakland Oaks : LHP Artemio Millares
Batting: RHB Jelani Griffin 0-0: Ball
1-0: Called Strike
1-1: Ball
2-1: Ball
3-1: Base on Balls
Pinch Hitting: RHB Dustin Pryor 0-0: Foul Ball, location: 2F
0-1: Called Strike
0-2: Strikes out swinging
Pitching: RHP Josh Rayburn
Batting: RHB Mario Lopez 0-0: Foul Ball, location: 2F
0-1: Ball
1-1: DOUBLE (Line Drive, 3D, EV 101.9 MPH)
Jelani Griffin to third
Pinch Hitting: LHB Danny Roberts 0-0: Ball
Wild Pitch!
Jelani Griffin scores
Mario Lopez to third
1-0: Foul Ball, location: 2F
1-1: Swinging Strike
1-2: Ball
2-2: Foul Ball, location: 2F
2-2: Ball
3-2: Base on Balls
Pinch Hitting: LHB Jesus Huante 0-0: Foul Ball, location: 2F
0-1: Called Strike
0-2: Foul Ball, location: 2F
0-2: Fly out, F7 (Flyball, 7D, EV 96.9 MPH)
Runner from 3rd tags up, OUT at HOME! 7-2
Top of the 7th over - 1 run, 1 hit, 0 errors, 1 left on base; Madison 1 - Oakland 3
BOTTOM OF THE 7TH
Oakland Oaks batting - Pitching for Madison Brewers : LHP Gil Sanchez
Now at 1B: Jesus Huante
Now at 2B: Austin Doig
Now in CF: Andy Buschlen
Now in RF: Danny Roberts
Batting: LHB Ben Landry 0-0: Foul Ball, location: 2F
0-1: Ball
1-1: Ground out U3 (Groundball, 3L, EV 79.4 MPH)
Pitching: RHP Ernie Borden
Batting: RHB Moises Guzman 0-0: Ball
1-0: Foul Ball, location: 2F
1-1: Ball
2-1: Fly out, F8 (Flyball, 8RD, EV 101.9 MPH)
Batting: RHB Mario Medina 0-0: SINGLE (Line Drive, 56, EV 94.4 MPH)
Batting: RHB Edwin Nunez 0-0: Ground out U3 (Groundball, 34, EV 86.2 MPH)
Bottom of the 7th over - 0 runs, 1 hit, 0 errors, 1 left on base; Madison 1 - Oakland 3
TOP OF THE 8TH
Madison Brewers batting - Pitching for Oakland Oaks : RHP Josh Rayburn
Now in LF: Diego Vega
Batting: RHB Tristan Smeets 0-0: Called Strike
0-1: Ground out 5-3 (Groundball, 56, EV 81.2 MPH)
Batting: LHB Andy Buschlen 0-0: Ball
1-0: Ball
2-0: Ball
3-0: Called Strike
3-1: Foul Ball, location: 2F
3-2: Strikes out swinging
Batting: LHB Jose Simental 0-0: Swinging Strike
0-1: Ball
1-1: Ball
2-1: Called Strike
2-2: Ball
3-2: Base on Balls
Pitching: RHP Brenden Niziolek
Batting: LHB Bill Kovac 0-0: Ball
1-0: Foul Ball, location: 2F
1-1: Fly out, F4 (Line Drive, 4, EV 68.8 MPH)
Top of the 8th over - 0 runs, 0 hits, 0 errors, 1 left on base; Madison 1 - Oakland 3
BOTTOM OF THE 8TH
Oakland Oaks batting - Pitching for Madison Brewers : RHP Ernie Borden
Batting: RHB Ricky Ulloa 0-0: Called Strike
0-1: Fly out, F8 (Flyball, 8LD, EV 80.6 MPH)
Batting: RHB Matt Nehman 0-0: Called Strike
0-1: Called Strike
0-2: Foul Ball, location: 2F
0-2: Foul Ball, location: 2F
0-2: Strikes out swinging, 2-3 out at first.
Batting: LHB Justin LeFlore 0-0: Ball
1-0: Foul Ball, location: 2F
1-1: Foul Ball, location: 2F
1-2: Strikes out swinging
Bottom of the 8th over - 0 runs, 0 hits, 0 errors, 0 left on base; Madison 1 - Oakland 3
TOP OF THE 9TH
Madison Brewers batting - Pitching for Oakland Oaks : RHP Brenden Niziolek
Pitching: LHP Jason Hahn
Batting: RHB Jelani Griffin 0-0: Foul Ball, location: 2F
0-1: Ball
1-1: Foul Ball, location: 2F
1-2: Ball
2-2: Ball
3-2: Ground out 6-3 (Groundball, 6, EV 85.0 MPH)
Batting: RHB Austin Doig 0-0: Called Strike
0-1: Called Strike
0-2: Strikes out swinging, 2-3 out at first.
Batting: RHB Mario Lopez 0-0: Ground out 4-3 (Groundball, 4, EV 105.0 MPH)
Top of the 9th over - 0 runs, 0 hits, 0 errors, 0 left on base; Madison 1 - Oakland 3
Tuesday, March 28th , 2023 - OOTP Baseball 23.10 Build 110